 Dungeon Crawl Stone Soup version 0.30.0-29-ga12c61a403 (webtiles) character file.

Game seed: 4534103744966236007

51 Graphine the Trooper (level 3, -5/29 HPs)
             Began as a Demonspawn Monk on June 21, 2023.
             Slain by an ice beast (7 damage)
             ... on level 4 of the Dungeon.
             The game lasted 00:02:43 (575 turns).

Graphine the Trooper (Demonspawn Monk)               Turns: 575, Time: 00:02:43

Health: -5/29      AC:  9    Str: 11    XL:     3   Next: 58%
Magic:  3/3        EV:  6    Int: 11    God:
Gold:   100        SH:  0    Dex: 17    Spells: 2/2 levels left

rFire   . . .        a - +1 falchion
rCold   . . .        (no shield)
rNeg    . . .        f - +0 chain mail
rPois   .            i - +0 helmet
rElec   .            (no cloak)
rCorr   .            (no gloves)
SInv    .            (no boots)
Will    .....        (no amulet) Stlth
                     (no ring)
HPRegen 0.24/turn    (no ring)
MPRegen 0.08/turn

%: no passive effects
@: mighty
A: ignite blood 1
a: no special abilities


You were on level 4 of the Dungeon.
You visited 1 branch of the dungeon, and saw 3 of its levels.

You collected 100 gold pieces.

Inventory:

Hand Weapons
 a - a +1 falchion (weapon)
Armour
 b - a +0 robe
 d - an orb of light
 e - a +0 barding
 f - a +0 chain mail (worn)
 i - a +0 helmet (worn)
Potions
 c - a potion of might


   Skills:
 + Level 3.4 Fighting
 + Level 3.1 Long Blades
 + Level 0.8 Armour
 + Level 3.1 Dodging
 + Level 1.1 Invocations


You had 2 spell levels left.
You didn't know any spells.
Your spell library contained the following spells:

 Spells                   Type           Power      Damage    Failure   Level
 Ensorcelled Hibernation  Hex/Ice        0%         N/A       100%        2
 Passwall                 Tmut/Erth      0%         N/A       100%        2
 Swiftness                Air            0%         N/A       100%        3
 Vhi's Electric Charge    Tloc/Air       0%         N/A       100%        3
 Arcjolt                  Conj/Air       0%         1d10      100%        5
 Plasma Beam              Fire/Air       0%         2x1d11    100%        6


Dungeon Overview and Level Annotations

Branches:
Dungeon (2/15)

Altars:

Shops:
D:1 !

Annotations:
D:2 Sigmund


Innate Abilities, Weirdness & Mutations

Your demonic aura sometimes causes spilled blood to erupt in flames.


Message History

The ice beast hits you but does no damage.
You barely miss the ice beast.
The ice beast hits you but does no damage.
You barely miss the ice beast.
The ice beast hits you but does no damage.
You hit the ice beast.
The ice beast is lightly wounded.
The ice beast hits you but does no damage.
You hit the ice beast but do no damage.
The ice beast is lightly wounded.
The ice beast hits you. The ice beast freezes you!
You are too injured to fight recklessly!
You are too injured to fight recklessly!
You are too injured to fight recklessly!
You are too injured to fight recklessly!
It was a potion of might.
You feel very mighty all of a sudden.
The ice beast hits you but does no damage.
You are too injured to fight recklessly!
Hit: a) +1 falchion
Press: ? - help, Dir - move target, f - ice beast
Aim: an ice beast (lightly wounded, about 37% to evade your +1 falchion)
You barely miss the ice beast.
The ice beast is lightly wounded.
The ice beast hits you. The ice beast freezes you!
* * * LOW HITPOINT WARNING * * *
You aren't carrying any scrolls.
Okay, then.
Hit: a) +1 falchion
Press: ? - help, Dir - move target, f/p - ice beast
Aim: an ice beast (lightly wounded, about 37% to evade your +1 falchion)
You slash the ice beast!
The ice beast is severely wounded.
You hear a shout!
The ice beast barely misses you.
An ufetubus comes into view.
The ice beast hits you.
* * * LOW HITPOINT WARNING * * *
The ice beast freezes you!
You die...

#.##.# #.##.# #.#
#.##.# ###.####.##.#
............########
###..##...##.........
.........#>..####...
# #..##.†.#..?###
..##..###.......@#
#................Y5.#
####..####.......####
#..# #.#...### #..#
#.#..... #..#
#.##.#.## #..#
#.##.#.# #... ....
##.# .#


You could see an ice beast and an ufetubus.

Vanquished Creatures
  A gnoll (D:1)
  A dart slug (D:1)
  3 ball pythons (D:1)
  3 endoplasms (D:1)
  4 giant cockroaches
  3 goblins (D:1)
  5 hobgoblins (D:1)
  3 jackals (D:1)
  A quokka (D:1)
  5 bats (D:1)
  A kobold (D:1)
  4 rats
34 creatures vanquished.

Notes
Turn   | Place    | Note
-------+----------+-------------------------------------------
     0 | D:1      | Graphine the Demonspawn Monk began the quest for the Orb.
     0 | D:1      | Reached XP level 1. HP: 18/18 MP: 1/1
    51 | D:1      | Gained mutation: Your demonic aura sometimes causes spilled
                  | blood to erupt in flames. [demonic ancestry]
    51 | D:1      | Reached XP level 2. HP: 10/24 MP: 2/2
   130 | D:1      | Found Ylibaxaa's Distillery.
   222 | D:1      | Reached XP level 3. HP: 26/29 MP: 3/3
   297 | D:1      | Reached skill level 1 in Invocations
   514 | D:2      | Noticed Sigmund
   518 | D:2      | You fall into a shaft and drop 2 floors!
   566 | D:4      | Noticed an ice beast
   575 | D:4      | Slain by an ice beast

Illustrated notes

Levels and vault maps discovered:
D:1:      ldierk_walled_garden, layout_rooms, serial_shops, shop
D:2:      layout_basic, serial_shops,
          nicolae_shop_temple_entry_statues_fountains, uniq_sigmund
D:4:      layout_loops_ring, gammafunk_temple_overflow_wave,
          hangedman_decor_opposing

Skill      XL: |  1  2  3 |
---------------+----------+-----
Long Blades    | 3 |  3.1
Dodging        | 3 |  3.1
Invocations    | 1 |  1.1
Fighting       | |  3.4
Armour         | |  0.8

Action                     || total
---------------------------++-------
  Melee: Falchion          ||   102
    Use: Potion            ||     2
         Scroll            ||     3
 Armour: Robe              ||     9
         Chain mail        ||    66
  Dodge: Dodged            ||    69
